 Dungeon Crawl Stone Soup version 0.25.0-3-gd7cc5688da (webtiles) character file.

Game seed: 8040535654399790855

766797 HoaS the Middleweight Champion (level 27, -2/199 HPs)
             Began as a Gargoyle Gladiator on June 15, 2020.
             Was the Champion of Zin.
             Slain by an eldritch tentacle (11 damage)
             ... called by a Zot trap
             ... on level 5 of the Realm of Zot.
             The game lasted 03:55:19 (71159 turns).

HoaS the Middleweight Champion (GrGl)              Turns: 71159, Time: 03:55:19

Health: -2/199     AC: 80    Str: 27    XL:     27
Magic:  1/23       EV: 20    Int: 12    God:    Zin [******]
Gold:   3218       SH:  5    Dex: 17    Spells: 26/26 levels left

rFire    + . .     SeeInvis .     - Unarmed
rCold    + . .     Gourm    .   (no shield)
rNeg     + + .     Faith    .   u - +14 crystal plate armour "Ammair" {rPois Dex+2 Slay+2}
rPois    ∞         Spirit   .   y - +2 hat
rElec    +         Reflect  +   b - +2 cloak {rPois}
rCorr    +         Harm     .   O - +2 pair of gloves {Dex+3}
MR       ++...                  v - +2 pair of boots {Fly}
Stlth    ..........             N - amulet "Qaschint" {Reflect rN+ SH+5 Stlth+}
HPRegen  0.43/turn              M - ring of resist corrosion
MPRegen  0.18/turn              f - ring of Ling {rF+ rC+}

@: marked, flying, slowed, very slow
A: big wings, negative energy resistance 1, electricity resistance, unbreathing,
petrification resistance, rot immunity, AC +20
}: 3/15 runes: serpentine, barnacled, silver
a: Stop Flying, Recite, Vitalisation, Imprison, Sanctuary, Donate Gold, Renounce
Religion


You were on level 5 of the Realm of Zot.
You worshipped Zin.
Zin was exalted by your worship.
You were not hungry.

You visited 14 branches of the dungeon, and saw 61 of its levels.
You visited the Abyss 3 times.
You also visited: Bailey.

You collected 16475 gold pieces.
You spent 4692 gold pieces at shops.
You donated 8565 gold pieces to Zin.

Inventory:

Missiles
 c - 8 throwing nets (quivered)
Armour
 b - a +2 cloak of poison resistance (worn)
 u - the +14 crystal plate armour "Ammair" (worn) {rPois Dex+2 Slay+2}
   (You acquired it on level 3 of the Vaults)

   It affects your dexterity (+2).
   It affects your accuracy and damage with ranged weapons and melee attacks
   (+2).
   It protects you from poison.
 v - a +2 pair of boots of flying (worn)
 y - a +2 hat (worn)
 O - a +2 pair of gloves of dexterity (worn)
Jewellery
 f - the ring of Ling (right hand) {rF+ rC+}
   (You found it on level 1 of the Snake Pit)

   [ring of protection from cold]

   It protects you from fire.
   It protects you from cold.
 k - an uncursed ring of protection from magic
 q - the amulet of Zur Tuul {Spirit Slay+5, unknown}
   (You found it on level 6 of the Iron City of Dis)

   [amulet of guardian spirit]

   It causes incoming damage to be split between your health and magic.
   It affects your accuracy and damage with ranged weapons and melee attacks
   (+5).
 w - an uncursed ring of fire
 B - an uncursed ring of protection from cold
 D - an uncursed ring of positive energy
 F - an uncursed ring of positive energy
 H - an uncursed ring of protection from magic
 K - the ring of Pride {EV+4 Int+6}
   (You took it off an orc warrior on level 5 of the Depths)

   [ring of evasion]

   It affects your evasion (+4).
   It affects your intelligence (+6).
 M - a ring of resist corrosion (left hand)
 N - the amulet "Qaschint" (around neck) {Reflect rN+ SH+5 Stlth+}
   (You found it on level 6 of the Lair of Beasts)

   [amulet of reflection]

   It shields you and reflects attacks.
   It protects you from negative energy.
   It affects your SH (+5).
   It makes you more stealthy.
 Q - an uncursed ring of protection from magic
 R - the ring "Datinoif" {rPois MP+9 Dex+3 SInv}
   (You bought it in a shop on level 2 of the Orcish Mines)

   [ring of see invisible]

   It affects your dexterity (+3).
   It protects you from poison.
   It affects your magic capacity (+9).
   It lets you see invisible.
Wands
 E - a wand of digging (17)
Scrolls
 a - 9 scrolls of fog
 e - 11 scrolls of fear
 n - 2 scrolls of holy word
 o - 24 scrolls of teleportation
 r - 29 scrolls of remove curse
 s - a scroll of silence
 z - 25 scrolls of identify
 A - 2 scrolls of summoning
 G - 13 scrolls of blinking
 I - a scroll of enchant armour
 T - 7 scrolls of magic mapping
Potions
 g - 8 potions of lignification
 i - 5 potions of haste
 j - 3 potions of resistance
 l - 5 potions of cancellation
 m - 5 potions of ambrosia
 p - 6 potions of heal wounds
 t - 21 potions of curing
 x - 12 potions of invisibility
 J - 2 potions of mutation
 S - 3 potions of berserk rage
Miscellaneous
 h - the horn of Geryon
Comestibles
 d - 86 rations
 C - a chunk of flesh


   Skills:
 O Level 27 Fighting
 - Level 1.7 Throwing
 O Level 27 Armour
 + Level 22.5 Dodging
 O Level 27 Unarmed Combat


You had 26 spell levels left.
You didn't know any spells.
Your spell library contained the following spells:

 Spells                   Type           Power        Failure   Level  Hunger
 Apportation              Tloc           #.....       90%         1    ##.....
 Foxfire                  Conj/Fire      #...         90%         1    ##.....
 Infusion                 Chrm           #...         90%         1    ##.....
 Magic Dart               Conj           #...         90%         1    ##.....
 Shock                    Conj/Air       #...         90%         1    ##.....
 Summon Butterflies       Summ           #.......     90%         1    ##.....
 Summon Small Mammal      Summ           #...         90%         1    ##.....
 Blink                    Tloc           N/A          97%         2    ###....
 Call Imp                 Summ           #.......     97%         2    ###....
 Corpse Rot               Necr/Air       N/A          97%         2    ###....
 Ensorcelled Hibernation  Hex/Ice        #.....       97%         2    ###....
 Poisonous Vapours        Pois/Air       #.....       97%         2    ###....
 Searing Ray              Conj           #.....       97%         2    ###....
 Shroud of Golubria       Chrm/Tloc      #.....       97%         2    ###....
 Slow                     Hex            #.......     97%         2    ###....
 Song of Slaying          Chrm           #.......     97%         2    ###....
 Swiftness                Chrm/Air       #.......     97%         2    ###....
 Call Canine Familiar     Summ           #.......     99%         3    ####...
 Conjure Flame            Conj/Fire      #.......     99%         3    ####...
 Dazzling Flash           Conj/Hex       #.....       99%         3    ####...
 Inner Flame              Hex/Fire       #.......     99%         3    ####...
 Lesser Beckoning         Tloc           #.........   99%         3    ####...
 Mephitic Cloud           Conj/Pois/Air  #.......     99%         3    ####...
 Ozocubu's Armour         Chrm/Ice       #.......     99%         3    ####...
 Portal Projectile        Hex/Tloc       #.....       99%         3    ####...
 Recall                   Summ/Tloc      N/A          99%         3    ####...
 Spectral Weapon          Hex/Chrm       #.......     99%         3    ####...
 Static Discharge         Conj/Air       #.......     99%         3    ####...
 Stone Arrow              Conj/Erth      #.....       99%         3    ####...
 Summon Guardian Golem    Hex/Summ       #.......     99%         3    ####...
 Tukima's Dance           Hex            #.......     99%         3    ####...
 Airstrike                Air            #.........   100%        4    #####..
 Fulminant Prism          Conj/Hex       #.........   100%        4    #####..
 Ice Form                 Ice/Tmut       #.......     100%        4    #####..
 Iskenderun's Mystic Bla  Conj/Tloc      #.......     100%        4    #####..
 Passage of Golubria      Tloc           N/A          100%        4    #####..
 Sticky Flame             Conj/Fire      #.......     100%        4    #####..
 Summon Ice Beast         Ice/Summ       #.......     100%        4    #####..
 Summon Lightning Spire   Summ/Air       #.......     100%        4    #####..
 Alistair's Intoxication  Tmut/Pois      #.......     100%        5    ######.
 Aura of Abjuration       Summ           #.........   100%        5    ######.
 Blade Hands              Tmut           #.........   100%        5    ######.
 Borgnjor's Vile Clutch   Necr/Erth      #.........   100%        5    ######.
 Fireball                 Conj/Fire      #.........   100%        5    ######.
 Lightning Bolt           Conj/Air       #.........   100%        5    ######.
 Metabolic Englaciation   Hex/Ice        #.........   100%        5    ######.
 Silence                  Hex/Air        #.........   100%        5    ######.
 Summon Demon             Summ           #.........   100%        5    ######.
 Summon Forest            Summ/Tloc      #.........   100%        5    ######.
 Summon Mana Viper        Hex/Summ       #.......     100%        5    ######.
 Conjure Ball Lightning   Conj/Air       #.........   100%        6    #######
 Darkness                 Hex            #.........   100%        6    #######
 Death Channel            Necr           #.........   100%        6    #######
 Eringya's Noxious Bog    Tmut/Pois      #.........   100%        6    #######
 Freezing Cloud           Conj/Ice/Air   #.........   100%        6    #######
 Hydra Form               Tmut           #.........   100%        6    #######
 Invisibility             Hex            #.......     100%        6    #######
 Ozocubu's Refrigeration  Ice            #.........   100%        6    #######
 Shadow Creatures         Summ           N/A          100%        6    #######
 Simulacrum               Ice/Necr       #.........   100%        6    #######
 Ring of Flames           Chrm/Fire      #.........   100%        7    #######
 Summon Hydra             Summ           #.........   100%        7    #######
 Tornado                  Air            #.........   100%        9    #######


Dungeon Overview and Level Annotations

Branches:
Dungeon (15/15)            Temple (1/1) D:4            Lair (6/6) D:9
 Shoals (4/4) Lair:3        Snake (4/4) Lair:2        Slime (0/5) Lair:5
    Orc (2/2) D:10            Elf (2/3) Orc:2        Vaults (5/5) D:13
  Crypt (1/3) Vaults:2     Depths (5/5) D:15           Hell (visited)
    Dis (7/7) Hell            Geh (4/7) Hell            Coc (0/7) Hell
    Tar (0/7) Hell            Zot (5/5) Depths:5     Bailey (visited)

Altars:
Dithmenos
Elyvilon
Fedhas
Gozag
Hepliaklqana
Kikubaaqudgha
Makhleb
Nemelex Xobeh
Okawaru
Qazlal
Ru
Sif Muna
Trog
Uskayaw
Wu Jian
Xom
Yredelemnul
Zin
The Shining One
Beogh
Lugonu

Shops:
D:4 *   D:7 (   D:10 :   D:15 *   Orc:2 (:=   Elf:1 =}=   Vaults:3 *
Depths:1 [   Depths:4 :*   Depths:5 =}

Portals:
Hell: Lair:6 Depths:1 Depths:2 Depths:3 Depths:4 Depths:5
Abyss: D:6 Depths:4
Pandemonium: Depths:2 Depths:3
Ziggurat: Depths:3

Annotations:
D:14 exclusion: obsidian statue
Elf:1 3 runed translucent doors, Cuucabuana's ghost, veteran MiGl; Kyerol's ghost, adept TeSu; Mayja's ghost, veteran DDBe; Pyxti's ghost, adept SpEn
Zot:4 2 transporters, Neubod's ghost, legendary HOEE
Zot:5 exclusion: obsidian statue


Innate Abilities, Weirdness & Mutations

You are resistant to torment.
Your stone body is resilient. (AC +20)
You are immune to poison.
Your large and strong wings let you fly indefinitely.
You resist negative energy. (rN+)
You are resistant to electric shocks. (rElec)
You can survive without breathing.
You are immune to petrification.
You are immune to rotting.


Message History

The white draconian hits you with a +0 battleaxe!
* * * LOW HITPOINT WARNING * * *
You block the reaper's attack.
The Orb Guardian hits you but does no damage.
You hear some strange, mumbled words.
The eldritch tentacle slaps you but does no damage.
The eldritch tentacle claws you but does no damage.
An eldritch tentacle segment comes into view.
You punch the eldritch tentacle segment!
You punch the eldritch tentacle segment.
The eldritch tentacle segment is heavily damaged.
Something hits you!
* * * LOW HITPOINT WARNING * * *
You feel your power leaking away.
Something touches you but does no damage.
The Orb Guardian hits you but does no damage.
The white draconian hits you but does no damage.
The eldritch tentacle barely misses you.
The eldritch tentacle claws you!
You die...

▓▓▓▓▓▓▓▓▓▓▓▓▓
.....^......▓▓▓▓ .
.....[.......12▓▓
.
.............{{X▓▓
.
............2.@w.▓
.
.............d*2.▓
.
.........^...4d.▓▓
.
.........).†...▓▓
. ...........^..▓▓
.^(..........8.▓
...8......^.....▓
.................▓
..............^..▓


You could see an electric golem, an eldritch tentacle, a Tzitzimitl (summoned),
a black draconian, a white draconian, a cacodemon (summoned), an Orb Guardian, a
reaper (summoned), a blizzard demon (summoned) and a red devil (summoned,
confused).

Vanquished Creatures
  the Serpent of Hell (Dis:7)
  6 orbs of fire
  Mara (Depths:4)
  5 ancient liches (Zot:5)
  2 juggernauts
  2 Killer Klowns (Zot:5)
  3 curse toes
  The ghost of handsome the Unseen, a veteran OpWn of Xom (Vaults:2)
  A caustic shrike (Depths:2)
  Geryon (Hell)
  Nikola (Vaults:1)
  7 golden dragons
  3 bone dragons
  5 Brimstone Fiends
  A Tzitzimitl (Dis:7)
  6 iron giants
  2 electric golems (Zot:5)
  26 tentacled monstrosities
  7 Hell Sentinels
  7 liches
  24 Orb Guardians (Zot:5)
  3 Ice Fiends
  Polyphemus (Shoals:3)
  6 titans
  A deep elf blademaster (Elf:2)
  8 quicksilver dragons
  17 ancient champions
  A deep elf master archer (Vaults:2)
  Murray (Hell)
  Frances (Shoals:2)
  5 Executioners
  Gastronok (D:11)
  6 death cobs
  2 sphinxes
  8 tentacled starspawn
  13 shadow dragons
  A revenant (Hell)
  7 nagarajas (Snake:4)
  4 draconian monks
  5 storm dragons
  6 tengu reavers
  Ilsuiw (Shoals:2)
  10 iron dragons
  The ghost of Caiff the Bringer of Law, an adept KoGl of Zin (D:15)
  3 deep elf sorcerers
  4 draconian knights
  13 fire giants
  4 orc warlords
  11 frost giants
  5 balrugs
  2 curse skulls (Crypt:1)
  Aizul (Shoals:4)
  2 ghost moths
  12 vault wardens
  14 cacodemons
  5 draconian annihilators
  2 draconian stormcallers
  A ghoul (Vaults:2)
  14 ironheart preservers
  4 draconian shifters
  The ghost of Wairalebb the Basher, a journeyman BaFi of Cheibriados (Lair:4)
  4 war gargoyles
  3 entropy weavers
  40 reapers
  A juggernaut zombie (Crypt:1)
  22 stone giants
  4 spriggan defenders
  20 very ugly things
  2 deep elf elementalists (Depths:5)
  5 vampire knights
  5 green draconians
  4 lorocyprocas
  Nessos (Lair:6)
  8 deep elf annihilators
  7 black draconians
  6 yellow draconians
  8 purple draconians
  7 red draconians
  5 white draconians
  A minotaur (Shoals:3)
  4 blizzard demons
  14 ettins
  12 spark wasps
  2 eidola (Crypt:1)
  3 quicksilver dragon zombies
  2 jiangshi (Crypt:1)
  Snorg (Orc:2)
  2 crystal guardians
  7 merfolk javelineers
  2 deep elf death magi
  16 fire dragons
  2 green deaths
  14 yaktaur captains
  10 great orbs of eyes
  14 naga warriors
  3 rakshasas
  12 merfolk impalers
  Erolcha (D:9)
  14 hydras
  3 deep elf high priests
  2 quicksilver dragon skeletons
  10 ice dragons
  2 spriggan air magi
  Harold (D:8)
  A caustic shrike simulacrum (Depths:3)
  39 vault guards
  3 merfolk aquamancers
  A hell beast (Depths:2)
  Erica (D:8)
  14 centaur warriors
  4 death knights
  22 anacondas
  A queen ant (Lair:6)
  4 merfolk avatars
  36 two-headed ogres
  2 alligator snapping turtles
  2 satyrs (Shoals:3)
  A satyr (shapeshifter) (Vaults:4)
  10 ogre magi
  26 dancing weapons
  The ghost of nikku the Thaumaturge, a journeyman DECj of Vehumet (D:11)
  4 thrashing horrors (Depths:4)
  4 titan zombies
  4 vampire magi
  6 deep troll shamans
  4 deep troll earth magi
  5 tengu warriors
  29 hell hogs
  The ghost of MrVivor the Grappler, a novice TrMo of Wu Jian (D:8)
  5 spriggan berserkers
  2 death yaks (Shoals:3)
  Urug (Lair:1)
  12 naga sharpshooters
  5 orc high priests
  8 sun demons
  3 spriggans
  11 shock serpents
  23 deep elf knights
  4 soul eaters (Hell)
  6 storm dragon zombies
  4 titan skeletons
  6 sixfirhies
  52 skeletal warriors
  2 shadow wraiths
  5 salamander mystics (Snake:4)
  A fire crab (shapeshifter) (Vaults:1)
  2 wretched stars
  16 iron trolls
  30 hell knights
  14 flayed ghosts
  A ghost moth zombie (Geh:3)
  A storm dragon skeleton (Hell)
  5 anaconda zombies
  3 shadow demons
  11 naga ritualists
  14 deep trolls
  4 glowing orange brains
  2 shadow dragon zombies
  A spatial maelstrom (Abyss:1)
  10 sea snakes
  2 golden dragon skeletons
  An unseen horror (shapeshifter) (D:13)
  6 wizards
  18 deep elf archers
  4 unseen horrors
  12 orc knights
  7 phantasmal warriors
  A harpy (shapeshifter) (D:15)
  A kraken simulacrum (Hell)
  11 necromancers
  6 wolf spider zombies
  16 harpies
  11 ironbrand convokers
  4 lindwurms (Snake:4)
  A lindwurm (shapeshifter) (Depths:4)
  2 orb spiders (shapeshifter) (Vaults:3)
  3 anaconda skeletons
  4 frost giant zombies
  62 ugly things
  8 orc sorcerers
  3 fire giant zombies
  22 mana vipers
  7 stone giant zombies
  50 deep elf magi
  4 iron dragon zombies
  14 cyclopes
  11 salamanders
  2 sphinx skeletons (Depths:3)
  A salamander (shapeshifter) (Vaults:3)
  16 fauns
  A manticore (shapeshifter) (D:15)
  14 manticores
  21 moths of wrath
  A shock serpent zombie (Hell)
  An iron dragon skeleton (Geh:1)
  5 merfolk sirens
  14 elephants
  3 oklob plants (Lair:5)
  A wolf spider (Vaults:5)
  3 stone giant skeletons
  A titan simulacrum (Abyss:1)
  5 dire elephant zombies
  28 rust devils
  10 vault sentinels
  Psyche (D:10)
  3 molten gargoyles
  2 fire giant skeletons (Geh:3)
  5 water nymphs
  A black mamba (shapeshifter) (Vaults:1)
  6 smoke demons
  2 guardian serpents (shapeshifter)
  3 water nymphs (shapeshifter)
  An eye of devastation (shapeshifter) (Vaults:5)
  4 dire elephant skeletons
  A gargoyle (D:13)
  21 naga magi
  45 black mambas
  10 guardian serpents
  3 orange demons
  3 centaur skeletons
  8 spiny frogs
  16 hellions
  2 spiny frogs (shapeshifter)
  An ice statue (Hell)
  11 komodo dragons
  6 rime drakes (Lair:6)
  15 freezing wraiths
  53 yaktaurs
  2 catoblepas zombies
  A minotaur zombie (Crypt:1)
  3 emperor scorpion zombies
  3 kobold demonologists
  A rime drake (shapeshifter) (Vaults:4)
  25 tormentors
  An efreet (Geh:3)
  3 demonic crawlers
  7 hydra zombies
  2 yaktaurs (shapeshifter)
  A hellwing (Depths:2)
  12 red devils
  An ancient zyme (Depths:4)
  25 merfolk
  17 ice devils
  3 harpy zombies
  2 trolls (shapeshifter)
  6 trolls
  3 meliai (Shoals:3)
  The ghost of windycow the Bolt Thrower, an amateur CeHu (D:6)
  Prince Ribbit (D:8)
  A queen bee (D:9)
  3 wind drakes
  A polar bear (shapeshifter) (Vaults:5)
  A wind drake (shapeshifter) (Vaults:1)
  3 polar bears (Lair:6)
  6 hornets
  A hydra skeleton (Geh:1)
  18 blink frogs
  33 slime creatures
  14 snapping turtles
  A harpy skeleton (Crypt:1)
  13 hippogriffs
  4 ettin zombies
  A fire giant simulacrum (Hell)
  4 ice dragon zombies
  5 fire dragon zombies
  An alligator zombie (Hell)
  2 hippogriffs (shapeshifter)
  6 shadows
  12 dream sheep
  2 ettin skeletons
  2 ice dragon skeletons
  3 air elementals (Elf:2)
  A black mamba zombie (Geh:3)
  34 flying skulls
  3 redbacks (Vaults:4)
  28 wraiths
  A tarantella (Vaults:4)
  A redback (shapeshifter) (Depths:4)
  24 starcursed masses
  Sigmund (D:3)
  A yak (shapeshifter) (Vaults:2)
  3 wyverns
  3 ynoxinuls
  2 black mamba skeletons
  3 fire bats (Geh:1)
  15 water elementals
  35 yaks
  A human (shapeshifter) (Depths:1)
  A steam dragon (shapeshifter) (D:15)
  23 fire elementals
  Grum (D:8)
  3 vampire mosquitoes (D:12)
  A hungry ghost (D:15)
  4 basilisks
  A neqoxec (Geh:1)
  7 wargs
  A chaos spawn (Depths:2)
  A human simulacrum (Vaults:1)
  40 nagas
  9 water moccasins
  17 soldier ants (Lair:6)
  A hydra simulacrum (Hell)
  2 merfolk zombies (Dis:7)
  34 hell hounds
  2 acid dragons
  4 ice beasts
  3 large abominations
  6 floating eyes
  52 orc warriors
  10 porcupines
  An eye of draining (shapeshifter) (Depths:1)
  2 black bears
  3 snapping turtle zombies
  A black bear (shapeshifter) (D:15)
  A manticore zombie (Dis:7)
  15 necrophages
  2 sky beasts
  8 boggarts (Vaults:1)
  9 phantoms
  2 eyes of draining
  34 ogres
  27 wolves
  3 snapping turtle skeletons
  30 centaurs
  9 crocodiles
  14 big kobolds
  Blork the orc (D:6)
  14 bullfrogs
  An elf zombie (D:7)
  A glowing shapeshifter simulacrum (Depths:3)
  An earth elemental (Elf:1)
  A wyvern skeleton (D:14)
  4 scorpions
  An orc simulacrum (Vaults:1)
  36 killer bees
  2 howler monkeys
  43 wights
  5 electric eels
  2 lava snakes (D:14)
  13 crimson imps
  4 quasits
  6 centaur zombies
  25 iron imps
  5 jellies
  56 orc wizards
  4 hounds
  A gnoll shaman (D:5)
  3 human zombies (D:7)
  24 orc priests
  A bullfrog skeleton (D:12)
  2 iguanas
  2 human skeletons (D:7)
  22 worker ants
  4 hell rats
  2 ogre zombies
  6 small abominations
  A tengu skeleton (Geh:3)
  A hound zombie (D:11)
  A hound skeleton (D:4)
  9 mummies
  6 gnolls
  10 adders
  4 shadow imps
  A white imp (D:6)
  3 adder skeletons
  3 worms
  A dart slug (D:1)
  5 leopard geckos
  129 orcs
  5 ball pythons
  6 giant cockroaches
  15 goblins
  7 hobgoblins
  14 jackals
  2 quokkas
  8 bats
  A frilled lizard (D:4)
  2 gnoll zombies (D:2)
  33 kobolds
  A leopard gecko skeleton (D:4)
  A leopard gecko zombie (D:3)
  An orc zombie (D:7)
  9 rats
  A fungus (Lair:6)
  A lurking horror (Abyss:3)
  9 starspawn tentacles
  A tentacle (Hell)
3135 creatures vanquished.

Vanquished Creatures (collateral kills)
  2 merfolk (Shoals:4)
  A water elemental (Shoals:4)
3 creatures vanquished.

Vanquished Creatures (others)
  A Hell Sentinel (Dis:7)
  A storm dragon (Zot:4)
  A great orb of eyes (Vaults:5)
  A hell hog (Geh:3)
  A deep elf mage (Elf:1)
  A necromancer (Hell)
  An orange demon (Lair:6)
  A hornet (Vaults:1)
  An orc warrior (Depths:5)
  A wight (Crypt:1)
  2 orcs
  A bush (D:14)
  38 fungi
  A lurking horror (Abyss:3)
  13 plants
  22 starspawn tentacles
  3 tentacles (Hell)
  2 withered plants (Elf:1)
92 creatures vanquished.

Grand Total: 3230 creatures vanquished

Notes
Turn   | Place    | Note
-------+----------+-------------------------------------------
     0 | D:1      | HoaS the Gargoyle Gladiator began the quest for the Orb.
     0 | D:1      | Reached XP level 1. HP: 12/12 MP: 1/1
   103 | D:1      | Reached XP level 2. HP: 15/18 MP: 2/2
   652 | D:1      | Reached XP level 3. HP: 20/22 MP: 3/3
  1263 | D:2      | Found an ornate altar of the Wu Jian Council.
  1551 | D:2      | Found a basalt altar of Yredelemnul.
  1721 | D:2      | Found an iron altar of Okawaru.
  1886 | D:3      | Noticed Sigmund
  2012 | D:3      | Reached XP level 4. HP: 28/28 MP: 4/4
  2156 | D:3      | Killed Sigmund
  2156 | D:3      | Reached skill level 5 in Unarmed Combat
  2156 | D:3      | Reached XP level 5. HP: 33/33 MP: 5/5
  2296 | D:3      | Reached XP level 6. HP: 26/38 MP: 6/6
  3126 | D:4      | Noticed a phantom
  3160 | D:4      | Killed a phantom
  3162 | D:4      | Reached XP level 7. HP: 33/44 MP: 7/7
  3204 | D:4      | Found a staircase to the Ecumenical Temple.
  3247 | Temple   | Entered the Ecumenical Temple
  3257 | Temple   | Became a worshipper of Makhleb the Destroyer
  3305 | D:4      | Found an opulent altar of Gozag.
  3306 | D:4      | Found Gozag's Platinum Reserve.
  3489 | D:4      | Reached skill level 5 in Fighting
  3910 | D:5      | Entered Level 5 of the Dungeon
  3985 | D:5      | Found a hazy altar of Hepliaklqana.
  4028 | D:5      | Reached XP level 8. HP: 48/51 MP: 8/8
  4259 | D:5      | Reached * piety under Makhleb
  4970 | D:6      | Found a transporter.
  4979 | D:6      | Found a transporter.
  4987 | D:6      | Noticed Blork the orc
  4995 | D:6      | Killed Blork the orc
  5055 | D:6      | Found a one-way gate to the infinite horrors of the Abyss.
  5055 | D:6      | Noticed windycow's ghost (amateur CeHu)
  5125 | D:6      | Reached XP level 9. HP: 41/57 MP: 9/9
  5204 | D:6      | Identified the +6 short sword of Success {distort, Dex+4}
  5671 | D:6      | Found a shimmering blue altar of Sif Muna.
  5818 | D:6      | Reached skill level 10 in Unarmed Combat
  5819 | D:6      | Reached ** piety under Makhleb
  6174 | D:7      | Found Daerokuus's Antique Weapon Emporium.
  6412 | D:7      | Found a bloodstained altar of Trog.
  6483 | D:7      | Found a shadowy altar of Dithmenos.
  6635 | D:7      | Found an ancient bone altar of Kikubaaqudgha.
  7345 | D:8      | Noticed Grum
  7363 | D:8      | Killed Grum
  7369 | D:8      | Reached XP level 10. HP: 64/66 MP: 7/10
  7390 | D:8      | Noticed a two-headed ogre
  7416 | D:8      | Killed a two-headed ogre
  7889 | D:8      | Noticed Erica
  7932 | D:8      | HP: 3/66 [something (11)]
  7935 | D:8      | Killed Erica
  8268 | D:8      | Noticed Harold
  8288 | D:8      | Killed Harold
  8288 | D:8      | Reached skill level 10 in Fighting
  8341 | D:8      | Noticed Prince Ribbit
  8350 | D:8      | Killed Prince Ribbit
  8426 | D:8      | Found a runed translucent gate.
  8426 | D:8      | Found a runed translucent gate.
  8426 | D:8      | Found a runed translucent gate.
  8430 | D:8      | Noticed MrVivor's ghost (novice TrMo)
  8430 | D:8      | Identified the +6 short sword "Hydrabane" {venom, *Contam
                  | +Blink +Fly Int+3}
  8985 | D:9      | Reached XP level 11. HP: 73/73 MP: 11/11
  8987 | D:9      | Reached *** piety under Makhleb
  9074 | D:9      | Found a glowing silver altar of Zin.
  9330 | D:9      | Found a staircase to the Lair.
  9455 | D:9      | Reached **** piety under Makhleb
 10038 | D:10     | Entered Level 10 of the Dungeon
 10038 | D:10     | Noticed Erolcha
 10038 | D:10     | Noticed a manticore
 10056 | D:9      | Killed a manticore
 10216 | D:9      | Killed Erolcha
 10271 | D:10     | Found Unteon's Book Emporium.
 10340 | D:10     | Found a flagged portal.
 10362 | Bailey   | Entered a bailey
 10402 | Bailey   | Noticed an orc warlord
 10609 | Bailey   | Noticed an orc knight
 10653 | Bailey   | Killed an orc knight
 10733 | Bailey   | Reached ***** piety under Makhleb
 10752 | Bailey   | Found a runed translucent gate.
 10759 | Bailey   | Found a runed translucent gate.
 10761 | Bailey   | Found a runed translucent gate.
 11086 | D:10     | Noticed Psyche
 11094 | D:10     | Killed Psyche
 11117 | D:10     | Identified a scroll of acquirement
 11177 | D:10     | Found a sparkling altar of Nemelex Xobeh.
 11800 | D:10     | Noticed a two-headed ogre
 11808 | D:10     | Killed a two-headed ogre
 11808 | D:10     | Reached skill level 15 in Unarmed Combat
 11808 | D:10     | Reached XP level 12. HP: 81/81 MP: 12/12
 12020 | D:10     | Found a staircase to the Orcish Mines.
 12434 | Lair:1   | Entered Level 1 of the Lair of Beasts
 12558 | Lair:1   | Noticed Urug
 12579 | Lair:1   | Killed Urug
 13583 | Lair:2   | Noticed a five-headed hydra
 13607 | Lair:2   | Killed a five-headed hydra
 13779 | Lair:2   | Found a staircase to the Snake Pit.
 14343 | Lair:3   | Noticed a spriggan rider
 14402 | Lair:3   | Killed a spriggan rider
 14402 | Lair:3   | Reached XP level 13. HP: 88/88 MP: 13/13
 14466 | Lair:3   | Found a staircase to the Shoals.
 14676 | Lair:3   | Reached ****** piety under Makhleb
 15351 | Lair:4   | Found a runed translucent gate.
 15351 | Lair:4   | Found a runed translucent gate.
 15351 | Lair:4   | Found a runed translucent gate.
 15354 | Lair:4   | Noticed Wairalebb's ghost (journeyman BaFi)
 15416 | Lair:4   | You are sucked into a shaft and drop 2 floors!
 15416 | Lair:6   | Entered Level 6 of the Lair of Beasts
 15435 | Lair:6   | Found a burning altar of Makhleb.
 15508 | Lair:6   | Found a gateway to Hell.
 15706 | Lair:5   | You are sucked into a shaft and drop 1 floor!
 16279 | D:6      | Killed windycow's ghost
 16294 | D:6      | Cast into level 1 of the Abyss (big kobold)
 16348 | Abyss:1  | Noticed a tentacled starspawn
 16358 | Abyss:1  | Killed a tentacled starspawn
 16358 | Abyss:1  | Gained mutation: Your large and strong wings let you fly
                  | indefinitely. [Gargoyle growth]
 16358 | Abyss:1  | Reached XP level 14. HP: 96/96 MP: 14/14
 16400 | Abyss:1  | Noticed a starcursed mass
 16472 | Abyss:1  | Noticed a green draconian
 16527 | Abyss:1  | Killed a green draconian
 16656 | Abyss:1  | Noticed a tentacled starspawn
 16680 | Abyss:1  | Killed a tentacled starspawn
 16680 | Abyss:1  | Reached skill level 15 in Fighting
 16701 | D:6      | Escaped the Abyss
 16980 | D:8      | Killed MrVivor's ghost
 17281 | Lair:5   | Found a staircase to the Slime Pits.
 18350 | Lair:6   | Noticed Nessos
 18367 | Lair:6   | Killed Nessos
 18510 | Lair:6   | Got a bound diamond amulet
 18954 | Lair:6   | Reached XP level 15. HP: 97/104 MP: 15/15
 19960 | Lair:4   | Killed Wairalebb's ghost
 19988 | Lair:4   | Identified the amulet "Qaschint" {Reflect rN+ SH+5 Stlth+}
                  | (You found it on level 6 of the Lair of Beasts)
 20597 | D:11     | Noticed Gastronok
 20618 | D:11     | Killed Gastronok
 20714 | D:11     | Found a transporter.
 20715 | D:11     | Identified the +5 dire flail of the Sage {flame, rElec MR+
                  | Str+7 Int-5}
 20715 | D:11     | Noticed nikku's ghost (journeyman DECj)
 20730 | D:11     | Found a transporter.
 21781 | D:13     | Reached skill level 1 in Armour
 21810 | D:13     | Found an iron altar of Okawaru.
 22074 | D:13     | Found a gate to the Vaults.
 22582 | D:14     | Reached XP level 16. HP: 112/112 MP: 16/16
 22770 | D:14     | Found a shadowy altar of Dithmenos.
 23191 | D:15     | Entered Level 15 of the Dungeon
 23369 | D:15     | Found a runed translucent gate.
 23371 | D:15     | Found a runed translucent gate.
 23373 | D:15     | Found an opulent altar of Gozag.
 23374 | D:15     | Found a runed translucent gate.
 23374 | D:15     | Noticed Caiff's ghost (adept KoGl)
 23566 | D:15     | Found Ulesoc's Assorted Antiques.
 23704 | D:15     | Found a staircase to the Depths.
 23879 | D:15     | Killed Caiff's ghost
 23934 | D:15     | Bought a shiny wooden ring for 160 gold pieces
 23934 | D:15     | Bought a scroll of identify for 64 gold pieces
 23934 | D:15     | Bought 2 scrolls of identify for 128 gold pieces
 24104 | D:11     | Reached skill level 5 in Armour
 24118 | D:11     | Killed nikku's ghost
 24212 | Orc:1    | Entered Level 1 of the Orcish Mines
 24401 | Orc:2    | Entered Level 2 of the Orcish Mines
 24478 | Orc:2    | Gained mutation: Your magical capacity is low. (-10% MP) [a
                  | neqoxec]
 24979 | Orc:2    | Found Qopp's Book Shop.
 24979 | Orc:2    | Found Duuloiv's Weapon Boutique.
 24980 | Orc:2    | Found Patz's Magic Scroll Boutique.
 24986 | Orc:2    | Found Peavetzypo's Jewellery Shop.
 25027 | Orc:2    | Bought an uncursed ring of protection from magic for 375
                  | gold pieces
 25027 | Orc:2    | Bought the ring "Datinoif" {rPois MP+9 Dex+3 SInv} for 771
                  | gold pieces
 25094 | Orc:2    | Found a runed translucent door.
 25531 | Orc:2    | Found a staircase to the Elven Halls.
 26103 | Orc:2    | Found a roughly hewn altar of Beogh.
 26557 | Orc:1    | Noticed Snorg
 26610 | Orc:2    | Killed Snorg
 27113 | Shoals:1 | Entered Level 1 of the Shoals
 27452 | Shoals:1 | Reached XP level 17. HP: 120/120 MP: 15/15
 27990 | Shoals:2 | You are sucked into a shaft and drop 1 floor!
 28059 | Shoals:3 | Found a hide-covered altar of Uskayaw.
 28246 | Shoals:2 | Noticed Ilsuiw
 28247 | Shoals:2 | Noticed Frances
 28276 | Shoals:2 | Killed Frances
 28319 | Shoals:2 | Killed Ilsuiw
 29323 | Shoals:3 | Noticed Polyphemus
 29924 | Shoals:3 | Killed Polyphemus
 30327 | Shoals:4 | Entered Level 4 of the Shoals
 30750 | Shoals:4 | Got a barnacled rune of Zot
 30836 | Shoals:4 | Reached XP level 18. HP: 128/128 MP: 16/16
 31220 | Shoals:4 | Noticed Aizul
 31247 | Shoals:4 | Killed Aizul
 31950 | Shoals:4 | Identified the Papyrus of Stoicism
 32258 | Snake:1  | Entered Level 1 of the Snake Pit
 32614 | Snake:1  | Found a blossoming altar of Fedhas.
 33430 | Snake:1  | Got a crude platinum ring
 33638 | Snake:2  | Reached skill level 10 in Armour
 34266 | Snake:2  | Reached XP level 19. HP: 131/136 MP: 17/17
 34304 | Snake:3  | Identified the ring of Ling {rF+ rC+} (You found it on
                  | level 1 of the Snake Pit)
 34746 | Snake:4  | Entered Level 4 of the Snake Pit
 34912 | Snake:4  | Got a pair of smoking gloves
 34930 | Snake:3  | Identified the +1 pair of gloves "Oczuel" {rPois MR+} (You
                  | found it on level 4 of the Snake Pit)
 36060 | Snake:4  | Reached XP level 20. HP: 121/144 MP: 0/18
 36178 | Snake:4  | Got a serpentine rune of Zot
 36760 | Elf:1    | Entered Level 1 of the Elven Halls
 36798 | Elf:1    | Found a runed translucent gate.
 36798 | Elf:1    | Found a runed translucent gate.
 36799 | Elf:1    | Noticed Mayja's ghost (veteran DDBe)
 36799 | Elf:1    | Noticed Cuucabuana's ghost (veteran MiGl)
 36799 | Elf:1    | Noticed Pyxti's ghost (adept SpEn)
 36800 | Elf:1    | Found a runed translucent gate.
 36800 | Elf:1    | Noticed Kyerol's ghost (adept TeSu)
 37508 | Elf:1    | Found Ikhle's Jewellery Emporium.
 37508 | Elf:1    | Found Muficlel's Gadget Boutique.
 37509 | Elf:1    | Found Apuoroec's Jewellery Emporium.
 37522 | Elf:1    | Bought an uncursed ring of protection from magic for 450
                  | gold pieces
 37992 | Elf:2    | Found a runed translucent gate.
 37992 | Elf:2    | Found a runed translucent gate.
 37992 | Elf:2    | Found a runed translucent gate.
 39162 | Depths:1 | Entered Level 1 of the Depths
 39719 | Depths:1 | Reached XP level 21. HP: 152/152 MP: 18/18
 39976 | Depths:1 | Found Giruo's Antique Armour Shop.
 40041 | Depths:1 | Bought an embroidered scarf for 344 gold pieces
 40403 | Depths:2 | Noticed a juggernaut
 40404 | Depths:2 | Noticed a golden dragon
 40416 | Depths:2 | Killed a juggernaut
 40423 | Depths:2 | Killed a golden dragon
 40774 | Depths:2 | Paralysed by a floating eye for 2 turns
 41292 | Depths:2 | Noticed a golden dragon
 41330 | Depths:2 | Killed a golden dragon
 41655 | Depths:2 | Noticed a caustic shrike
 41663 | Depths:2 | Killed a caustic shrike
 41791 | Depths:2 | Found a one-way gate leading to the halls of Pandemonium.
 42353 | Depths:3 | Reached XP level 22. HP: 160/160 MP: 19/19
 42526 | Depths:3 | Paralysed by a floating eye for 3 turns
 42899 | Depths:3 | Found a gateway to a ziggurat.
 43157 | Depths:4 | Found a burning altar of Makhleb.
 43520 | Depths:4 | Found a corrupted altar of Lugonu.
 43533 | Depths:4 | Found a sparkling altar of Nemelex Xobeh.
 43534 | Depths:4 | Noticed Mara
 43559 | Depths:4 | Noticed HoaS's illusion
 43593 | Depths:4 | Killed Mara
 43782 | Depths:4 | Found a transporter.
 44263 | Depths:4 | Found Xoovurgh's Assorted Antiques.
 44269 | Depths:4 | Found Futuir's Book Shoppe.
 44400 | Depths:5 | Entered Level 5 of the Depths
 44427 | Depths:5 | Paralysed by a floating eye for 3 turns
 44443 | Depths:5 | Found Senywn's Jewellery Shop.
 44557 | Depths:5 | Reached XP level 23. HP: 168/168 MP: 20/20
 44571 | Depths:5 | Found a gate to the Realm of Zot.
 44630 | Depths:5 | Identified the ring of Pride {EV+4 Int+6}
 44761 | Depths:5 | Paralysed by a floating eye for 2 turns
 44845 | Depths:5 | Paralysed by a floating eye for 2 turns
 44948 | Depths:5 | Got a vibrating copper ring
 44952 | Depths:5 | Identified the ring "Lumac" {+Fly rF+} (You found it on
                  | level 5 of the Depths)
 45091 | Depths:5 | Got a heavily runed wooden ring
 45097 | Depths:5 | Identified the ring of the Harvest {+Inv +Fly Dex+7} (You
                  | found it on level 5 of the Depths)
 45172 | Depths:5 | Found Feit's Gadget Boutique.
 45407 | Depths:5 | Noticed a juggernaut
 45433 | Depths:5 | Killed a juggernaut
 45648 | Vaults:1 | Entered Level 1 of the Vaults
 45946 | Vaults:1 | Noticed Nikola
 45959 | Vaults:1 | Killed Nikola
 46472 | Vaults:1 | Reached skill level 27 in Unarmed Combat
 46534 | Vaults:1 | Reached XP level 24. HP: 168/178 MP: 20/20
 46904 | Vaults:1 | Reached XP level 25. HP: 184/184 MP: 20/20
 47219 | Vaults:2 | Found a runed translucent gate.
 47219 | Vaults:2 | Found a runed translucent gate.
 47231 | Vaults:2 | Found a runed translucent gate.
 47233 | Vaults:2 | Noticed handsome's ghost (veteran OpWn)
 47758 | Vaults:2 | Found a staircase to the Crypt.
 47968 | Vaults:2 | Reached skill level 27 in Fighting
 48242 | Vaults:2 | Identified the +8 short sword "Zoroc" {freeze, rElec rPois}
 48246 | Vaults:2 | Found an iron altar of Okawaru.
 49063 | Depths:4 | Found a transporter.
 49075 | Depths:4 | Paralysed by accursed screaming for 2 turns
 49117 | Depths:4 | Paralysed by accursed screaming for 2 turns
 49170 | Depths:4 | Got a translucent silver amulet
 49187 | Depths:4 | Identified the amulet "Kogaxow" {Spirit rC+ Stlth+} (You
                  | found it on level 4 of the Depths)
 49483 | Vaults:3 | Reached skill level 15 in Armour
 50516 | Vaults:3 | Found Camuvosa's Assorted Antiques.
 50540 | Vaults:3 | Bought a scroll of teleportation for 120 gold pieces
 50540 | Vaults:3 | Bought a scroll of acquirement for 2080 gold pieces
 50540 | Vaults:3 | Bought a twisted brass ring for 200 gold pieces
 50545 | Vaults:3 | Got the +14 crystal plate armour "Ammair" {rPois Dex+2
                  | Slay+2}
 50669 | Vaults:4 | Found a blossoming altar of Fedhas.
 50791 | Vaults:4 | Reached XP level 26. HP: 193/193 MP: 20/20
 51991 | Vaults:2 | Killed handsome's ghost
 52128 | Vaults:5 | Entered Level 5 of the Vaults
 52603 | Vaults:5 | Reached XP level 27. HP: 199/199 MP: 20/20
 52738 | Vaults:5 | Identified the Papyrus of the Compass and Dark Magic
 53092 | Vaults:5 | Identified the Disquisition on Cloudy Changing
 53253 | Vaults:5 | Identified the +2 short sword of Quroew {venom, rPois
                  | Str+6}
 53369 | Vaults:5 | Got a silver rune of Zot
 53879 | Hell     | Entered the Vestibule of Hell
 53879 | Hell     | Noticed Geryon
 54247 | Zot:1    | Entered Level 1 of the Realm of Zot
 54866 | Zot:2    | Noticed an orb of fire
 54886 | Zot:1    | Killed an orb of fire
 55120 | Zot:1    | HP: 6/199 [green draconian monk (15)]
 57059 | Hell     | Noticed Murray
 57479 | Hell     | Killed Murray
 57706 | Hell     | Found a gateway to the Iron City of Dis.
 57714 | Dis:1    | Entered Level 1 of the Iron City of Dis
 57746 | Dis:1    | You are sucked into a shaft and drop 1 floor!
 59106 | Dis:3    | You are sucked into a shaft and drop 2 floors!
 59198 | Dis:5    | Reached skill level 27 in Armour
 59896 | Dis:5    | Reached skill level 5 in Dodging
 60318 | Dis:6    | Gained mutation: You expend magic power (3 MP) to
                  | strengthen your wands. [a cacodemon]
 60548 | Dis:6    | Got a coiled amethyst amulet
 61413 | Dis:7    | Entered Level 7 of the Iron City of Dis
 61490 | Dis:7    | Reached skill level 10 in Dodging
 61648 | Dis:7    | Gained mutation: Armour fits poorly on your strangely
                  | shaped body. [a cacodemon]
 61827 | Dis:7    | Identified the Compendium of the Excruciating Snowflakes
 62408 | Dis:7    | Noticed the Serpent of Hell
 62745 | Dis:7    | Killed the Serpent of Hell
 63060 | Dis:7    | Gained mutation: You occasionally shout uncontrollably at
                  | your foes. [a cacodemon]
 63071 | Dis:7    | Gained mutation: You are clumsy. (Dex -2) [a cacodemon]
 63345 | Hell     | Killed Geryon
 63345 | Hell     | Reached skill level 15 in Dodging
 63443 | Hell     | Cast into level 3 of the Abyss (hell knight)
 63730 | Hell     | Escaped the Abyss
 63782 | Hell     | Cast into level 2 of the Abyss (hell knight)
 63782 | Abyss:2  | Found a corrupted altar of Lugonu.
 63900 | Abyss:2  | Found a corrupted altar of Lugonu.
 63913 | Hell     | Escaped the Abyss
 63923 | Hell     | Found a gateway to the decaying netherworld of Tartarus.
 64050 | Hell     | Found a gateway to the ashen valley of Gehenna.
 64136 | Hell     | Found a gateway to the freezing wastes of Cocytus.
 64466 | D:9      | Fell from the grace of Makhleb
 64466 | D:9      | Became a worshipper of Zin the Law-Giver
 64466 | D:9      | Reached * piety under Zin
 64466 | D:9      | Reached ** piety under Zin
 64467 | D:9      | Donated 5620 gold pieces to Zin
 64511 | D:10     | Reached *** piety under Zin
 64629 | Vaults:2 | Reached **** piety under Zin
 64662 | Crypt:1  | Entered Level 1 of the Crypt
 64746 | Crypt:1  | Reached ***** piety under Zin
 65037 | Vaults:2 | Reached ****** piety under Zin
 65310 | Vaults:2 | Donated 2820 gold pieces to Zin
 65338 | Crypt:1  | Lost mutation: You are clumsy. (Dex -2) [potion of
                  | mutation]
 65338 | Crypt:1  | Lost mutation: Your magical capacity is low. (-10% MP)
                  | [potion of mutation]
 65338 | Crypt:1  | Lost mutation: Armour fits poorly on your strangely shaped
                  | body. [potion of mutation]
 65338 | Crypt:1  | Lost mutation: You expend magic power (3 MP) to strengthen
                  | your wands. [potion of mutation]
 65339 | Crypt:1  | Lost mutation: You occasionally shout uncontrollably at
                  | your foes. [potion of mutation]
 65891 | Zot:3    | Noticed an orb of fire
 65903 | Zot:3    | Killed an orb of fire
 66672 | Geh:1    | Entered Level 1 of Gehenna
 67612 | Geh:2    | You are sucked into a shaft and drop 1 floor!
 68204 | Geh:3    | Was forgiven by Makhleb
 68433 | Geh:3    | You are sucked into a shaft and drop 1 floor!
 69232 | Zot:4    | Found a transporter.
 69359 | Zot:4    | Found a transporter.
 69364 | Zot:4    | Noticed Neubod's ghost (legendary HOEE)
 69366 | Zot:4    | Found the +8 arc blade {discharge, rElec}
 69508 | Zot:4    | Noticed an orb of fire
 69534 | Zot:4    | Killed an orb of fire
 70189 | Zot:5    | Entered Level 5 of the Realm of Zot
 70372 | Zot:5    | Noticed an ancient lich
 70374 | Zot:5    | Noticed an ancient lich
 70391 | Zot:5    | Killed an ancient lich
 70400 | Zot:5    | Killed an ancient lich
 70431 | Zot:5    | Noticed an ancient lich
 70466 | Zot:5    | Killed an ancient lich
 70478 | Zot:5    | Noticed an ancient lich
 70488 | Zot:5    | Killed an ancient lich
 70497 | Zot:5    | Noticed an orb of fire
 70510 | Zot:5    | Killed an orb of fire
 70516 | Zot:5    | Noticed an orb of fire
 70519 | Zot:5    | Noticed an ancient lich
 70532 | Zot:5    | Killed an orb of fire
 70535 | Zot:5    | Killed an ancient lich
 71045 | Zot:5    | Noticed an orb of fire
 71057 | Zot:5    | Killed an orb of fire
 71082 | Zot:5    | Noticed an orb of fire
 71100 | Zot:5    | Noticed an ancient lich
 71121 | Zot:5    | Noticed an ancient lich
 71159 | Zot:5    | HP: 9/199 [something (14)]
 71159 | Zot:5    | Slain by an eldritch tentacle

Illustrated notes

Levels and vault maps discovered:
D:1:      kennysheep_arrival_forest, layout_loops_corners, chequers_big_river
D:2:      layout_basic, lemuel_doored_altar, overflow_temple_1_default,
          lemuel_zombie_altar_yredelemnul, first_ration
D:3:      layout_loops_corners, minmay_misc_feat_chi,
          minmay_fractal_squares_gapless_5, uniq_sigmund
D:4:      layout_loops_ring, minmay_temple_entry_gardened_gates,
          nicolae_gozag_zags_fifth_avenue
D:5:      layout_loops_ring, nicolae_overflow_hidden_temple,
          lemuel_crystal_altar
D:6:      layout_loops_corners, lemuel_coloured_pillars_altar,
          gammafunk_ghost_abyssal_escape, st_stairs_1, uniq_blork_the_orc
D:7:      layout_layer_cave, lemuel_mausoleum_altar_kikubaaqudgha,
          kennysheep_mini_moat, old_standard_altar, serial_shops, shop_statue
D:8:      layout_basic, gammafunk_ghost_nasty_kobolds, serial_bayou_lagoon_b,
          uniq_erica, uniq_grum, uniq_harold, uniq_prince_ribbit1
D:9:      layout_loops_ring, old_standard_altar, due_lair_maze_entry_diamond,
          david_nohive_1
D:10:     layout_layer_cave, david_orc_1_choice, enter_bailey_3, serial_shops,
          kennysheep_mini, basic_altar, kennysheep_small_spiral,
          small_statue_alley_b, uniq_psyche, uniq_erolcha
D:11:     layout_roguey, gammafunk_ghost_smash, uniq_gastronok
D:12:     layout_basic
D:13:     layout_small_grid, erik_vaults_2, basic_altar,
          statue_in_the_mist_lemuel, minmay_misc_feat_pillars
D:14:     kennysheep_kobold_grotto, layout_basic,
          nicolae_dithmenos_shadow_blocks, kennysheep_generic_room_4
D:15:     gammafunk_enter_depths_forms, layout_cave_pools, ebering_ghost_gozag,
          serial_glass, glass_columns_c, glass_columns_c, glass_columns_a
Temple:   nicolae_temple_x_marks_the_god
Lair:1:   layout_loops_ring, uniq_urug
Lair:2:   layout_long_grid, dummy_snake_entry, serial_bayou_shore_b
Lair:3:   layout_chaotic_city, minmay_shoals_entry_centaurs,
          minmay_stone_trees_small, grunt_forest_large_clearings
Lair:4:   layout_hall_layers, gammafunk_ghost_hydra_chop, lemuel_fruit_tree,
          grunt_megastairs_4, infiniplex_staircase_pool
Lair:5:   layout_loops_ring, minmay_slime_entry_oklob_open, beast_lair_carwin_4,
          grunt_megastairs_3
Lair:6:   evil_forest, layout_cellular_growth, portal_ice_cave_rime,
          zaba_antful_of_joy, uniq_nessos
Shoals:1: layout_shoals
Shoals:2: layout_shoals, uniq_ilsuiw, uniq_frances
Shoals:3: layout_shoals, regret_index_shoals_crete, uniq_polyphemus
Shoals:4: shoals_end_simple, layout_shoals, nicolae_shoals_cliffside_cave,
          nicolae_shoals_circle_sea_wall, uniq_aizul
Snake:1:  layout_layer_cave, basic_altar, grunt_ministairs_13
Snake:2:  layout_misc_corridors
Snake:3:  layout_rooms
Snake:4:  snake_pit_salamanders_mu, layout_concentric_octagons
Orc:1:    layout_caves, uniq_snorg
Orc:2:    st_orc_mages, layout_diamond_mine, lightli_church_of_beogh
Elf:1:    elf_arrival_001, layout_geoelf_grid, gammafunk_ghost_cemetery,
          hangedman_elven_crosses_minicolossus, minmay_shop_grove
Elf:2:    layout_geoelf_grid, st_stairs_8, minmay_fountain_box,
          grunt_ministairs_8
Vaults:1: v_misc_19, nicolae_vaults_ninety_degrees, nicolae_vaults_big_ls,
          vaults_room_grid, nicolae_vaults_yaktaur_gun_rack, st_more_cells,
          hangedman_vaults_nails, nicolae_vaults_mini_display_case,
          vaults_dpeg_cross, layout_vaults_big_room, uniq_nikola
Vaults:2: gammafunk_vaults_ghost_fury_of_okawaru, dpeg_vaults_monster_row,
          hangedman_vaults_hat, ontoclasm_vaults_loading_screen,
          ontoclasm_vaults_loading_screen, nicolae_vaults_network_square,
          ontoclasm_vaults_hangar, nicolae_vaults_gold_heap,
          ontoclasm_vaults_misaligned, layout_vaults_quadrants,
          minmay_crypt_entry_simple_round
Vaults:3: v_misc_17, grunt_vaults_swirl, v_misc_2, vaults_room_pools, v_rooms_1,
          nicolae_vaults_display_case, nicolae_vaults_network_barrier,
          grunt_vaults_hallway_short, nicolae_vaults_ring_of_whatevers,
          hangedman_vaults_slither, v_pattern_2, vaults_room_door_ring,
          layout_vaults_maze_bifur, serial_shops, shop
Vaults:4: nicolae_vaults_stairing_the_circle, nicolae_vaults_network_periphery,
          hangedman_vaults_maws, vaults_standard_mumra_x, v_misc_8,
          grunt_vaults_diagonal, hangedman_vaults_trim,
          hangedman_vaults_corner_blocks, hangedman_vaults_impose,
          nicolae_vaults_shelves_hall, layout_vaults_omnicross, basic_altar
Vaults:5
Crypt:1:  layout_misc_corridors, hangedman_weighted_door,
          palyth_stone_intersect, uniq_donald
Depths:1: layout_gridville, minmay_misc_feat_secret_circle, pf_coc_iceberg,
          moated_statue, kennysheep_windowed_goal, serial_bayou_shore_a
Depths:2: minmay_swirls_squares, layout_small_grid, rand_demon_pan_entry_8,
          pf_vacation_house_of_asmodeus
Depths:3: minmay_box_of_statues, layout_gridville, enter_ziggurat_e, pan_entry,
          hex_medium, hell_entry, infiniplex_staircase_pillars_2
Depths:4: gammafunk_corrupted_shrine, layout_cave_pools, hell_entry,
          abyss_entry, corexii_corridor_pit, hangedman_feature_mirror,
          chequers_serial_rivers_small_3, roderic_roman_lattice,
          infiniplex_staircase_spiral, minmay_shoptagon, uniq_mara
Depths:5: hangedman_spin_cycle, hell_entry
Hell
Dis:1:    layout_chaotic_city
Dis:2:    layout_subdivisions
Dis:3:    layout_subdivisions
Dis:5:    layout_regular_city, hangedman_dis_chains, lemuel_elevator
Dis:6:    layout_gridville, hangedman_player_shredder
Dis:7:    dis_st
Geh:1:    layout_gehenna_lava_caves
Geh:2:    layout_gehenna_pools_box, lemuel_flamethrower_3
Geh:3:    layout_gehenna_pools_basic
Geh:4:    layout_gehenna_lava_caves
Zot:1:    layout_cellular_growth
Zot:2:    layout_misc_corridors
Zot:3:    layout_twisted_circle
Zot:4:    layout_gridlike, gammafunk_ghost_berserking_beasts
Zot:5:    layout_misc_corridors, lemuel_baited_zot_trap

Skill      XL: |  1  2  3  4  5  6  7  8  9 10 11 12 13 14 15 16 17 18 19 20 21 22 23 24 25 26 27 |
---------------+----------------------------------------------------------------------------------+-----
Unarmed Combat | 4 5 6 7 9 11 13 15 16 18 19 20 21 22 23 24 25 26 27 | 27.0
Fighting       | 3 4 5 7 9 10 12 13 14 15 17 18 19 20 21 22 23 24 25 26 27 | 27.0
Armour         | 3 6 8 10 11 12 14 17 21 27 | 27.0
Dodging        | 22 | 22.5
Throwing       | |  1.7

Action                   |  1- 3 |  4- 6 |  7- 9 | 10-12 | 13-15 | 16-18 | 19-21 | 22-24 | 25-27 || total
-------------------------+-------+-------+-------+-------+-------+-------+-------+-------+-------++-------
Melee: Unarmed           |   162 |   167 |   413 |   902 |  1300 |  1818 |  1509 |  1176 |  5118 || 12565
       Punch             |     2 |     2 |     9 |    44 |    76 |   119 |   118 |   109 |   649 ||  1128
Throw: Dart              |       |     4 |     9 |    13 |       |       |       |       |       ||    26
       Throwing net      |       |     1 |     2 |     6 |       |       |       |       |       ||     9
       Boomerang         |       |       |     1 |    17 |       |       |       |       |       ||    18
Invok: Recite            |       |       |       |       |       |       |       |       |     2 ||     2
       Donate Gold       |       |       |       |       |       |       |       |       |     2 ||     2
 Abil: Fly               |       |       |       |       |     2 |       |       |       |       ||     2
       Stop Flying       |       |       |       |       |     2 |       |       |       |       ||     2
Evoke: Wand              |       |       |       |       |    15 |     1 |       |       |       ||    16
  Use: Scroll            |     5 |     1 |     5 |    14 |    16 |    13 |     6 |     7 |     8 ||    75
       Potion            |       |       |       |     1 |     2 |     2 |       |     1 |    22 ||    28
 Stab: Held in net/web   |       |       |       |     6 |       |       |       |       |       ||     6
       Invisible         |       |       |       |       |       |       |       |       |     1 ||     1
       Distracted        |       |       |       |       |       |       |       |       |     1 ||     1
       Confused          |       |       |       |       |       |       |       |       |     1 ||     1
  Eat: Chunk             |     4 |     3 |    11 |    23 |    24 |    37 |    24 |    15 |    33 ||   174
       Ration            |       |       |     1 |       |     1 |     1 |     1 |       |    14 ||    18
Armor: Leather armour    |    72 |    25 |       |       |       |       |       |       |       ||    97
       Chain mail        |       |    47 |   152 |       |       |       |       |       |       ||   199
       Plate armour      |       |       |    90 |   694 |   977 |  1458 |   521 |       |       ||  3740
       Crystal plate arm |       |       |       |       |       |       |   527 |   810 |  4657 ||  5994
Dodge: Dodged            |   115 |    71 |   115 |   254 |   282 |   535 |   268 |   221 |  2144 ||  4005
Block: Other             |       |       |       |   170 |   238 |   377 |   224 |   176 |  1002 ||  2187
       Reflection        |       |       |       |    14 |    14 |    38 |    25 |    12 |    32 ||   135
